 Dungeon Crawl Stone Soup version 0.31-a0-851-g7ff8af7976 (webtiles) character file.

Game seed: 6624303152438819075

43 avis the Ducker (level 3, 16/16 HPs)
             Began as a Felid Shapeshifter on Oct 7, 2023.
             Got out of the dungeon alive.
             The game lasted 00:05:17 (1349 turns).

avis the Ducker (Felid Shapeshifter)                Turns: 1349, Time: 00:05:18

Health: 16/16      AC:  1    Str: 12    XL:     3   Next: 37%
Magic:  4/4        EV: 18    Int: 11    God:
Gold:   39         SH:  0    Dex: 15    Spells: 2/2 levels left
                                        Lives:  0   Deaths: 1

rFire   . .          .
                       - Unarmed
rCold   . . .        (shield unavailable)
rNeg    . . .        (body armour unavailable)
rPois   .            (helmet unavailable)
rElec   .            (cloak unavailable)
rCorr   .            (gloves unavailable)
SInv    +            (boots unavailable)
Will    .....        (no amulet)
Stlth   +            (no ring)
HPRegen 0.22/turn    (no ring)
MPRegen 0.09/turn

%: no passive effects
@: beast-form, quick
A: beast (slay +2), very small, claws 1, fangs 3, see invisible, speed 1, shaggy
fur 1, stealthy paws, no weapons or thrown items, no armour, multi-lived
a: Begin Untransformation


You escaped.
You were a hulking beast.
You visited 1 branch of the dungeon, and saw 2 of its levels.

You collected 39 gold pieces.

Inventory:

Talismans
 b - a beast talisman (active)
 c - a flux talisman
Scrolls
 d - a scroll of identify {unknown}
 f - 2 scrolls of teleportation {unknown}
Potions
 a - 2 potions of lignification
 e - 2 potions of resistance {unknown}
 g - a potion of curing {unknown}


   Skills:
 * Level 2.2 Fighting
 - Level 4.0 Dodging
 - Level 3.0 Unarmed Combat
 - Level 3.5 Shapeshifting


You had 2 spell levels left.
You didn't know any spells.
Your spell library contained the following spells:

 Spells                   Type           Power      Damage    Failure   Level
 Kiss of Death            Conj/Necr      0%         2d5       34%         1
 Confusing Touch          Hex            0%         N/A       71%         3
 Dispel Undead            Necr           0%         3d6       98%         4


Dungeon Overview and Level Annotations

Branches:
Dungeon (2/15)

Altars:


Innate Abilities, Weirdness & Mutations

You are a hulking beast.
Your limbs bulge with bestial killing power. (Slay +2)
You have sharp claws.
You have razor-sharp teeth.
You have supernaturally acute eyesight. (SInv)
You cover ground quickly. (Speed+)
You are covered in fur. (AC +1)
Your paws help you pounce on unaware monsters.
You are incapable of wielding weapons or throwing items.
You cannot wear armour.
You gain extra lives every three experience levels.


Message History

Found a scroll labelled YTIVOCK ZICS.
The worm closely misses you.
You scratch the worm. You claw the worm.
The worm is moderately wounded.
The worm bites you!
Ouch! That really hurt!
You scratch the worm.
The worm is moderately wounded.
You scratch the worm. You bite the worm.
The worm is severely wounded.
The worm bites you!
Ouch! That really hurt!
You die...
Your shape twists and changes as you die.
You rejoin the land of the living...
Found 7 stones.
Found an escape hatch in the ceiling. 2 ball pythons come into view.
Found 17 gold pieces.
The ball python hisses angrily.
The ball python barely misses you. The ball python grabs you.
The ball python constricts you.
You escape the ball python's grasp.
The ball python attacks as it pursues you!
The ball python barely misses you. The ball python completely misses you.
There is an escape hatch in the ceiling here.
The ball python barely misses you. The ball python grabs you.
You stop ascending the stairs.
The ball python constricts you.
You scratch the ball python.
You kill the ball python!
The ball python closely misses you. The ball python barely misses you.
The ball python closely misses you. The ball python misses you.
You scratch the ball python.
You kill the ball python!
A mysterious force pulls you upwards. The hatch slams shut behind you.
There is an open door here.
You see here a +0 dagger.
You enter the shallow water.
Moving in this stuff is going to be slow.
There is a staircase leading out of the dungeon here.
You have escaped!

#.# ############ #######.#
#####.##.)## ######....##..
#########.~≈.###.###.#.#..#####..
....##...~≈...........#..###.#...
######.~≈≈≈~.~.~~~~~.##....#.#...
#.~≈~..~.~.≈≈≈~....~.##...#.
#.~...~≈≈~~.~≈≈.~~~..#......
###...~~≈~~..%~≈≈≈≈~.##.#####
###.###..≈≈~..h..≈≈≈~.##.######
#....#.~~~≈≈~.~~≈~≈~~~..####...
#...##...~~≈≈~.~~~~~...#..#####
#.##.###..~≈≈≈~.≈~.)....###
#.##..#....~~≈≈~.~~...#########
#.###...~~....~..##..#.....#...
#...##....##########....#..#.#.
###.####.######..# ###.##)###.#
.....# ### #...##############.#


There were no monsters in sight!

Vanquished Creatures
  A dart slug (D:1)
  6 ball pythons
  5 endoplasms (D:1)
  3 hobgoblins (D:1)
  9 jackals
  4 kobolds (D:1)
  2 bats (D:1)
  3 goblins (D:1)
  3 rats (D:1)
36 creatures vanquished.

Notes
Turn   | Place    | Note
-------+----------+-------------------------------------------
     0 | D:1      | avis the Felid Shapeshifter began the quest for the Orb.
     0 | D:1      | Reached XP level 1. HP: 9/9 MP: 2/2
    60 | D:1      | Reached skill level 3 in Dodging
   125 | D:1      | Reached XP level 2. HP: 4/12 MP: 3/3
   667 | D:1      | Reached XP level 3. HP: 16/16 MP: 4/4
   906 | D:1      | Reached skill level 4 in Dodging
  1288 | D:2      | Slain by a worm
  1349 | D:$      | Got out of the dungeon alive.

Illustrated notes

Levels and vault maps discovered:
D:1:      dpeg_arrival_subterranean_lakeside_camping, layout_loops_corners
D:2:      layout_basic, basic_ecumenical_altar, hex_tiny

Skill      XL: |  1  2  3 |
---------------+----------+-----
Dodging        | 3 4 |  4.0
Fighting       | 2 |  2.2
Unarmed Combat | |  3.0
Shapeshifting  | |  3.5

Action                     || total
---------------------------++-------
  Melee: Unarmed           ||    78
         Bite              ||     6
         Punch             ||     1
   Stab: Sleeping          ||     1
 Armour: Skin              ||    20
  Dodge: Dodged            ||    59

Table legend: (Time is in decaauts)
 A = Elapsed time spent in this place.
 B = Non-inter-level travel time spent in this place.
 C = Inter-level travel time spent in this place.
 D = Time resting spent in this place.
 E = Time spent auto-exploring this place.
 F = Levels seen in this place.
 G = Mean time per level.
                   A        B        C        D        E       F      G
               +--------+--------+--------+--------+--------+-----+--------+
         Total |   1151 |   1024 |    127 |    207 |    586 |   2 |  575.5 |
       Dungeon |   1151 |   1024 |    127 |    207 |    586 |   2 |  575.5 |
               +--------+--------+--------+--------+--------+-----+--------+

Top non-repeatable levels by time:
     D:1: 1109 daAuts
     D:2: 41 daAuts
